AoeStats
← All Conquistadors Are BSTRD

Oasis

509571655Analyzed
2v2 RM · 5d ago on Sep 27, 2026· 23m 55s· 4 players
Game mode
Random Map
Map size
Medium (4 player)
Population
200
Speed
Normal
Resources
Standard
Victory
Conquest
Starting age
Dark Age
Ending age
Imperial Age
RankedLock teamsTeams togetherTeam positionsShared explorationLock speedFull tech treeHidden civsTurbo modeCheats
Victory
Defeat
🇩🇪 Saracens · Germany
1326
+16
🇩🇪 Danes · Germany
1321
+17
🇭🇰 Inca · Hong Kong SAR China
1354
-17
1329
-16
Kilsyman
7:23 Loom
10:04 Feudal Age
12:03 Double-Bit Axe
12:03 Horse Collar
15:25 Fletching
15:36 Padded Archer Armor
Oyeah!
7:39 Loom
10:02 Feudal Age
10:10 Man-at-Arms
11:54 Double-Bit Axe
12:45 Arson
14:50 Horse Collar
17:30 Scale Mail Armor
20:32 Forging
25:15 Castle Age
All Conquistadors Are BSTRD
7:02 Loom
9:41 Feudal Age
11:47 Man-at-Arms
14:25 Horse Collar
21:57 Wheelbarrow
21:10 Double-Bit Axe
24:47 Castle Age
24:17 Forging
24:12 Scale Barding Armor
GG
6:39 Loom
9:35 Feudal Age
10:22 Double-Bit Axe
16:40 Fletching
21:00 Padded Archer Armor
23:17 Castle Age
22:31 Horse Collar
22:59 Gold Mining
22:44 Champi Runner
23:30 Arson
23:46 Scale Mail Armor
23:56 Forging
24:17 Heavy Plow
24:30 Bow Saw
23:44 Champi Warrior
Connection lost

Rejoining the realm…

Still unreachable

The connection could not be restored.

Session expired

The server has moved on; the page needs a fresh start.